 Dungeon Crawl Stone Soup version 0.21.0-25-ge575cb9 (webtiles) character file.

16 tidbits the Magician (level 2, -4/20 HPs)
             Began as a Gnoll Wizard on Jan 24, 2018.
             Slain by a sky beast (6 damage)
             ... on level 3 of the Dungeon.
             The game lasted 00:02:54 (298 turns).

tidbits the Magician (Gnoll Wizard)                  Turns: 298, Time: 00:02:55

Health: -4/20      AC:  2    Str:  9    XL:     2   Next: 58%
Magic:  10/10      EV: 14    Int: 20    God:
Gold:   41         SH:  0    Dex: 13    Spells: 10/15 levels left

rFire    . . .     SeeInvis .   i - +0 dagger
rCold    . . .     Gourm    .   (no shield)
rNeg     . . .     Faith    .   a - +0 robe
rPois    .         Spirit   .   b - +0 hat
rElec    .         Reflect  .   (no cloak)
rCorr    .         Harm     .   (no gloves)
MR       .....                  (no boots)
Stlth    +++.......             (no amulet)
HPRegen  0.06/turn              (no ring)
MPRegen  0.12/turn              (no ring)

@: no status effects
A: distributed training, fangs 1, strong nose
a: no special abilities


You were on level 3 of the Dungeon.
You were not hungry.

You visited 1 branch of the dungeon, and saw 3 of its levels.

You collected 41 gold pieces.

Inventory:

Hand Weapons
 i - a +0 dagger (weapon)
 l - a +0 hunting sling
Missiles
 m - 16 bolts
Armour
 a - a +0 robe (worn)
 b - a +0 hat (worn)
 f - a +0 ring mail
Scrolls
 h - a scroll of immolation
Potions
 e - 2 potions of haste
 j - a potion of flight {unknown}
 k - a potion of agility {unknown}
Books
 c - a book of Minor Magic

   Spells                             Type                      Level
   a - Magic Dart                     Conjuration                  1
   b - Blink                          Translocation                2
   c - Call Imp                       Summoning                    2
   d - Slow                           Hexes                        2
   e - Conjure Flame                  Conjuration/Fire             3
   f - Mephitic Cloud                 Conjuration/Poison/Air       3
Comestibles
 d - a ration


   Skills:
 + Level 0.4 Fighting
 + Level 0.4 Short Blades
 + Level 0.4 Long Blades
 + Level 0.4 Axes
 + Level 0.4 Maces & Flails
 + Level 0.4 Polearms
 + Level 0.4 Staves
 + Level 0.4 Slings
 + Level 0.4 Bows
 + Level 0.4 Crossbows
 + Level 0.4 Throwing
 + Level 0.4 Armour
 + Level 4.5 Dodging
 + Level 4.1 Stealth
 + Level 0.4 Shields
 + Level 0.4 Unarmed Combat
 + Level 7.1 Spellcasting
 + Level 2.0 Conjurations
 + Level 0.2 Hexes
 + Level 0.2 Charms
 + Level 2.0 Summonings
 + Level 0.2 Necromancy
 + Level 2.0 Translocations
 + Level 0.2 Transmutations
 + Level 0.2 Fire Magic
 + Level 0.2 Ice Magic
 + Level 0.2 Air Magic
 + Level 0.2 Earth Magic
 + Level 0.2 Poison Magic
 + Level 0.5 Invocations
 + Level 0.4 Evocations


You had 10 spell levels left.
You knew the following spells:

 Your Spells              Type           Power        Failure   Level  Hunger
a - Magic Dart            Conj           ###.         4%          1    None
b - Blink                 Tloc           N/A          6%          2    None
i - Call Imp              Summ           ###.....     6%          2    None


Dungeon Overview and Level Annotations

Branches:
Dungeon (3/15)

Altars:


Innate Abilities, Weirdness & Mutations

Your experience applies equally to all skills.
You have very sharp teeth.
Your uncanny sense of smell can sniff out nearby items.


Message History

Memorise Call Imp, consuming 2 spell levels and leaving 12?
You start memorising the spell.
You continue memorising. x2
You finish memorising.
Spell assigned to 'i'.
Memorise Blink, consuming 2 spell levels and leaving 10?
You start memorising the spell.
You continue memorising. x2
You finish memorising.
Spell assigned to 'b'.
You see here a stone.
You see here a whip.
A sky beast comes into view.
Casting: Magic Dart
Confirm with . or Enter, or press ? or * to list all spells.
Aiming: Magic Dart
Press: ? - help, Shift-Dir - straight line, f - sky beast
Aim: a sky beast (resting)
The magic dart hits the sky beast.
The sky beast is lightly wounded.
Casting: Magic Dart
Confirm with . or Enter, or press ? or * to list all spells.
Aiming: Magic Dart
Press: ? - help, Shift-Dir - straight line, f/p - sky beast
Aim: a sky beast (lightly wounded)
The magic dart hits the sky beast.
The sky beast is lightly wounded.
Casting: Magic Dart
Confirm with . or Enter, or press ? or * to list all spells.
Aiming: Magic Dart
Press: ? - help, Shift-Dir - straight line, f/p - sky beast
Aim: a sky beast (lightly wounded)
The magic dart hits the sky beast.
The sky beast is lightly wounded.
Okay, then.
Casting: Magic Dart
Confirm with . or Enter, or press ? or * to list all spells.
Aiming: Magic Dart
Press: ? - help, Shift-Dir - straight line, f/p - sky beast
Aim: a sky beast (lightly wounded)
The magic dart hits the sky beast.
The sky beast is moderately wounded.
Unknown command.
Casting: Magic Dart
Confirm with . or Enter, or press ? or * to list all spells.
A beastly little devil appears in a puff of flame.
The sky beast closely misses you.
You barely miss the sky beast.
The sky beast is moderately wounded.
The sky beast flickers out of sight!
Something barely misses you.
Your crimson imp hits something.
A sky beast appears from thin air!
You closely miss the sky beast.
The sky beast is moderately wounded.
Your crimson imp closely misses the sky beast.
The sky beast hits you but does no damage.
You barely miss the sky beast.
The sky beast is moderately wounded.
The sky beast hits you. The sky beast shocks you.
Your crimson imp hits the sky beast but does no damage.
Casting: Call Imp
Confirm with . or Enter, or press ? or * to list all spells.
A beastly little devil appears in a puff of flame.
Your crimson imp barely misses the sky beast.
The sky beast hits you.
* * * LOW HITPOINT WARNING * * *
The sky beast shocks you.
* * * LOW HITPOINT WARNING * * *
You swap places.
Your crimson imp hits the sky beast but does no damage.
The sky beast closely misses your crimson imp.
Your crimson imp closely misses the sky beast.
Your crimson imp barely misses the sky beast.
The sky beast hits your crimson imp but does no damage.
Your crimson imp misses the sky beast.
The sky beast barely misses your crimson imp.
Your crimson imp hits the sky beast.
Your crimson imp barely misses the sky beast.
Your crimson imp closely misses the sky beast.
The sky beast barely misses your crimson imp.
Your crimson imp barely misses the sky beast.
Your crimson imp closely misses the sky beast.
The sky beast barely misses your crimson imp.
Your crimson imp hits the sky beast.
The sky beast barely misses your crimson imp.
Your crimson imp closely misses the sky beast.
Something closely misses your crimson imp.
You see here a whip.
You see here a stone.
As you read the scroll labeled MOP YFUNET, it crumbles to dust.
It is a scroll of identify.
h - a scroll of immolation
As you read the scroll of identify, it crumbles to dust.
e - 2 potions of haste
Okay, then.
You swap places.
You see here a stone.
Your crimson imp disappears in a puff of smoke!
You see here a whip.
You closely miss something. Your bite misses something. Something hits you.
* * * LOW HITPOINT WARNING * * *
Something shocks you.
You die...

# #.#..#..# #.#
#.##.#..#..# #.#
#..........# #.#
##########(#####.#
........##.#...#.#
#######.##.#.#.#.#
#.#......#.#
#.#..#...#.#
#.####...#@#
#........#.#
##########.#
........#
#########


There were no monsters in sight!

Vanquished Creatures
  An adder (D:2)
  2 bats (D:2)
  A goblin (D:1)
  2 kobolds
6 creatures vanquished.

Notes
Turn   | Place    | Note
-------+----------+-------------------------------------------
     0 | D:1      | tidbits the Gnoll Wizard began the quest for the Orb.
     0 | D:1      | Reached XP level 1. HP: 13/13 MP: 8/8
    91 | D:2      | Reached skill level 2 in Conjurations
    91 | D:2      | Reached skill level 2 in Summonings
    91 | D:2      | Reached skill level 2 in Translocations
    91 | D:2      | Reached XP level 2. HP: 16/20 MP: 1/10
   162 | D:3      | Learned a level 2 spell: Call Imp
   165 | D:3      | Learned a level 2 spell: Blink
   232 | D:3      | Noticed a sky beast
   244 | D:3      | HP: 1/20 [sky beast (6)]
   298 | D:3      | HP: 2/20 [something (2)]
   298 | D:3      | Slain by a sky beast

Skill      XL: |  1 |
---------------+----+-----
Conjurations   | 2 |  2.0
Summonings     | 2 |  2.0
Translocations | 2 |  2.0
Fighting       | |  0.4
Short Blades   | |  0.4
Long Blades    | |  0.4
Axes           | |  0.4
Maces & Flails | |  0.4
Polearms       | |  0.4
Staves         | |  0.4
Slings         | |  0.4
Bows           | |  0.4
Crossbows      | |  0.4
Throwing       | |  0.4
Armour         | |  0.4
Dodging        | |  4.5
Stealth        | |  4.1
Shields        | |  0.4
Unarmed Combat | |  0.4
Spellcasting   | |  7.1
Hexes          | |  0.2
Charms         | |  0.2
Necromancy     | |  0.2
Transmutations | |  0.2
Fire Magic     | |  0.2
Ice Magic      | |  0.2
Air Magic      | |  0.2
Earth Magic    | |  0.2
Poison Magic   | |  0.2
Invocations    | |  0.5
Evocations     | |  0.4

Action                   || total
-------------------------++-------
Melee: Dagger            ||    18
       Bite              ||     1
 Cast: Magic Dart        ||    16
       Call Imp          ||     2
  Use: Scroll            ||     2
Armor: Robe              ||     6
Dodge: Dodged            ||    14

Table legend:
 A = Turns spent in this place as a percentage of turns spent in the entire game.
 B = Non-inter-level travel turns spent in this place as a percentage of non-inter-level travel turns spent in the entire game.
 C = Inter-level travel turns spent in this place as a percentage of turns spent in this place.
 D = Turns resting spent in this place as a percentage of non-inter-level travel turns spent in this place.
 E = Turns spent auto-exploring this place as a percentage of non-inter-level travel turns spent in this place.
 F = Non-inter-level travel turns spent in this place divided by the number of levels of this place that you've seen.
                   A       B       C       D       E      F
               +-------+-------+-------+-------+-------+----------------------
         Total | 100.0 | 100.0 |   0.0 |   0.0 |   0.0 |  99.3
       Dungeon | 100.0 | 100.0 |   0.0 |   0.0 |   0.0 |  99.3
               +-------+-------+-------+-------+-------+----------------------

Table legend:
 A = Kills in this place as a percentage of kills in entire the game.
 B = Kills by you in this place as a percentage of kills by you in the entire game.
 C = Kills by friends in this place as a percentage of kills by friends in the entire game.
 D = Other kills in this place as a percentage of other kills in the entire game.
 E = Experience gained in this place as a percentage of experience gained in the entire game.
 F = Experience gained in this place divided by the number of levels of this place that you have seen.
                   A       B       C       D       E      F
               +-------+-------+-------+-------+-------+----------------------
         Total | 100.0 | 100.0 |   N/A |   N/A | 100.0 |   8.0
       Dungeon | 100.0 | 100.0 |   N/A |   N/A | 100.0 |   8.0
               +-------+-------+-------+-------+-------+----------------------

Vault maps used:
D:1:      dpeg_arrival_leaves_temple_mockup
D:2:      minmay_pentomino_u2
